 Dungeon Crawl Stone Soup version 0.17-a0-1840-g87820a2 (webtiles) character file.

504 luca467 the Cudgeler (level 6, 0/48 HPs)
             Began as a Mummy Fighter on Sept 16, 2015.
             Killed by divine providence
             ... invoked by an orc priest
              (15 damage)
             ... on level 3 of the Dungeon.
             The game lasted 00:23:31 (5952 turns).

luca467 the Cudgeler (Mummy Fighter)                Turns: 5952, Time: 00:23:31

Health: 0/48       AC:  6    Str: 21    XL:     6   Next: 96%
Magic:  6/6        EV:  7    Int:  8    God:
Gold:   166        SH:  9    Dex: 11    Spells: 0 memorised, 5 levels left

rFire  x . .     SeeInvis .     a - +0 flail
rCold  + . .     Clarity  .     b - +0 scale mail
rNeg   + + +     SustAt   .     c - +0 shield
rPois  ∞         Gourm    .     (no helmet)
rElec  .         Spirit   .     (no cloak)
rCorr  .         Warding  .     (no gloves)
rMut   .         Stasis   .     (no boots)
MR     .....                    (no amulet)
Stlth  ..........               (no ring)
                                (no ring)

@: not resistant to hostile enchantments, extremely unstealthy
A: no food or potions, fire vulnerability, cold resistance 1, negative energy
resistance 3, torment resistance, unbreathing
a: no special abilities


You were on level 3 of the Dungeon.
You were not hungry.

You visited 1 branch of the dungeon, and saw 5 of its levels.

You collected 166 gold pieces.

Inventory:

Hand weapons
 a - a +0 flail (weapon)
 i - a +0 morningstar
Armour
 b - a +0 scale mail (worn)
 c - a +0 shield (worn)
 f - a +2 buckler
Jewellery
 d - a cursed ring of loudness {unknown}
 e - an uncursed ring of magical power {unknown}
 h - an uncursed ring of stealth {unknown}
Scrolls
 g - a scroll of enchant armour {unknown}
 j - 2 scrolls of noise {unknown}


   Skills:
 + Level 3.9 Fighting
 * Level 4.7 Maces & Flails
 + Level 3.2 Armour
 + Level 3.6 Shields


You had 5 spell levels left.
You didn't know any spells.

Dungeon Overview and Level Annotations

Branches:
Dungeon (5/15)
 Temple: D:4-7

Altars:
Elyvilon
Fedhas
Gozag
Ru
Sif Muna
Xom


Innate Abilities, Weirdness & Mutations

You do not eat or drink.
Your flesh is vulnerable to fire.
You are immune to poison.
Your flesh is cold resistant.
You are immune to negative energy.
You are immune to unholy pain and torment.
You can survive without breathing.


Message History

The magic dart hits you! The orc hits you but does no damage.
You block the orc's attack.
The orc wizard mumbles some strange words.
The orc wizard blinks!
You sock the orc wizard!
You kill the orc wizard!
The orc barely misses you. You block the orc's attack.
The orc barely misses you.
You hit the orc.
The orc is moderately wounded.
You block the orc's attack.
The orc priest calls upon Beogh to heal the orc.
The orc's wounds heal themselves!
The orc hits you.
You closely miss the orc. The orc closely misses you.
You block the orc's attack.
You barely miss the orc priest. The orc priest hits you with a club.
You barely miss the orc priest.
The orc priest mumbles some strange prayers to Beogh against you.
Something smites you!
You die...

............###############.#
######...%#.#...............#
....##....#..........######.#
....++....'.......>).# #.#
....##....#......))).# #.#
....###'###..........# #.#
....###'###..........# #.#
.....K.........ooo...# #.#
................@.)..# #.#
.........(...........# #.#
###..................# #.#
#####+#(.(.......########.#
#######)#...................#
........'.........###########
#######.#...............#
........#..........####.#
.####P..#..........# #.#


You could see an orc priest and 2 orcs.

Vanquished Creatures
  A phantom (D:4)
  A big kobold (D:3)
  A scorpion (D:4)
  An orc wizard (D:3)
  Terence (D:2)
  A worker ant (D:1)
  2 gnolls (D:4)
  9 adders
  2 worms (D:3)
  2 giant geckos (D:3)
  4 orcs
  A ball python (D:1)
  7 bats
  4 giant cockroaches
  22 hobgoblins
  11 kobolds
  2 quokkas (D:4)
  9 giant newts
  15 goblins
  3 jackals (D:1)
  15 rats
114 creatures vanquished.

Notes
Turn   | Place    | Note
--------------------------------------------------------------
     0 | D:1      | luca467 the Mummy Fighter began the quest for the Orb.
     0 | D:1      | Reached XP level 1. HP: 18/18 MP: 1/1
   124 | D:1      | Reached XP level 2. HP: 24/24 MP: 2/2
   535 | D:1      | You fall through a shaft!
   615 | D:2      | Reached XP level 3. HP: 29/29 MP: 3/3
  1715 | D:2      | Reached XP level 4. HP: 30/35 MP: 4/4
  1740 | D:2      | Noticed Terence
  1754 | D:2      | Killed Terence
  2061 | D:2      | Found a white marble altar of Elyvilon.
  2362 | D:3      | Reached XP level 5. HP: 39/41 MP: 5/5
  3056 | D:3      | Reached skill level 4 in Maces & Flails
  3192 | D:5      | Entered Level 5 of the Dungeon
  3375 | D:4      | Noticed an ogre
  3709 | D:4      | Found a sacrificial altar of Ru.
  3747 | D:4      | Found a blossoming altar of Fedhas.
  3747 | D:4      | Found an opulent altar of Gozag.
  4854 | D:4      | Found a shimmering altar of Xom.
  4854 | D:4      | Found a deep blue altar of Sif Muna.
  4892 | D:4      | Reached XP level 6. HP: 43/47 MP: 6/6
  4940 | D:4      | Noticed a phantom
  5304 | D:4      | Killed a phantom
  5952 | D:3      | Killed from afar by an orc priest

Vault maps used:
D:1:      scummos_arrival_simple_crosswalls
D:2:      nicolae_overflow_crystal_walls, corexii_leaking_fountain, uniq_terence
D:3:      corexii_shack_village, first_bread
D:4:      minmay_goblin_kobold_castle, lemuel_coloured_pillars_altar,
          amethyst_overflow_temple_binary, gammafunk_temple_overflow_statue
D:5:      temple_doors_c, serial_shops, nicolae_shop_waterfront

Action                   |  1- 3 |  4- 6 || total
-------------------------+-------+-------++-------
Melee: Flail             |   123 |   338 ||   461
       Morningstar       |       |    29 ||    29
  Use: Scroll            |       |     7 ||     7
